 Dungeon Crawl Stone Soup version 0.14-a0-840-g06343e3 (webtiles) character file.

261976 PolkaDot the Bewitcher (level 19, -17/112 HPs)
             Began as a Vampire Enchanter on Nov 13, 2013.
             Was the Champion of Ashenzari.
             Hit by a large rock thrown by a stone giant (24 damage)
             ... on Level 1 of the Depths on Nov 14, 2013.
             The game lasted 07:36:58 (52966 turns).

PolkaDot the Bewitcher (Vampire Enchanter)         Turns: 52966, Time: 07:36:58

HP -17/112       AC 14     Str 15      XL: 19   Next: 15%
MP   4/39        EV 25     Int 22      God: Ashenzari [******]
Gold 2402        SH 14     Dex 20      Spells: 14 memorised,  0 levels left

Res.Fire  : + . .   See Invis. : +   f - +1 orc dagger (speed) (curse)
Res.Cold  : . . .   Warding    : .   M - +1 elf leather armour {rF+} (curse)
Life Prot.: + . .   Conserve   : +   k - +0 buckler (curse)
Res.Poison: +       Res.Corr.  : .   (no helmet)
Res.Elec. : .       Clarity    : +   T - +0 cloak of the Loofah {rPois Acc+2 Stlth}
Sust.Abil.: . .     Spirit.Shd : .   j - +0 pair of gloves (curse)
Res.Mut.  : .       Stasis     : .   r - +2 pair of boots of the Assassin {Stlth++}
Res.Rott. : .       Flight     : +   G - cursed amulet of conservation
Saprovore : . . .                    N - cursed ring "Criptyd" {+Fly Int+3}
                                     X - cursed ring of Cowardice {Hunger- Str+3 Int+2}

@: invisible, mighty, flying, studying Shields, very slightly contaminated,
quite resistant to hostile enchantments, incredibly stealthy
A: bottle blood, fangs 3, see invisible, unbreathing, evolution 1, AC +4, EV +2
a: Bat Form, Bottle Blood, Scrying, Transfer Knowledge, Renounce Religion
}: 2/15 runes: decaying, serpentine


You were on level 1 of the Depths.
You worshipped Ashenzari.
Ashenzari was exalted by your worship.
You were not thirsty.

You visited 7 branches of the dungeon, and saw 41 of its levels.
You also visited: Labyrinth, Sewer, Ossuary, Bailey and Volcano.

You collected 4507 gold pieces.
You spent 2105 gold pieces at shops.

Inventory:

Hand weapons
 f - a cursed +1,+1 orcish dagger of speed (weapon)
Armour
 a - a +0 buckler of protection
 j - a cursed +0 pair of gloves (worn)
 k - a cursed +0 buckler (worn)
 r - the cursed +2 pair of boots of the Assassin (worn) {Stlth++}
   (You bought it in a shop on level 2 of the Orcish Mines)

   It makes you much more stealthy.
   It has a curse placed upon it.
 M - a cursed +1 elven leather armour of fire resistance (worn)
 T - the cursed +0 cloak of the Loofah (worn) {rPois Acc+2 Stlth}
   (You found it on level 11 of the Dungeon)

   It affects your accuracy (+2).
   It protects you from poison.
   It makes you more stealthy.
   It has a curse placed upon it.
Magical devices
 e - a wand of heal wounds (4)
 h - a wand of paralysis (2)
 w - a wand of invisibility (1) {unknown}
 x - a wand of disintegration (9)
 Q - a wand of digging (8)
Scrolls
 c - 2 scrolls of recharging
 d - 4 scrolls of fear
 g - 6 scrolls of teleportation
 i - a scroll of remove curse
 l - 4 scrolls of blinking
 o - 5 scrolls of fog
 s - 2 scrolls of identify
 u - a scroll of curse jewellery
 B - a scroll of magic mapping
 C - a scroll of amnesia
Jewellery
 G - a cursed amulet of conservation (around neck)
 N - the cursed ring "Criptyd" (right hand) {+Fly Int+3}
   (You found it on level 9 of the Dungeon)

   [ring of flight]

   It affects your intelligence (+3).
   It has a curse placed upon it.
 X - the cursed ring of Cowardice (left hand) {Hunger- Str+3 Int+2}
   (You found it in a labyrinth)

   [ring of sustenance]

   It affects your strength (+3).
   It affects your intelligence (+2).
   It has a curse placed upon it.
Potions
 b - 4 potions of speed
 p - a potion of heal wounds
 q - 7 potions of restore abilities
 t - 2 potions of brilliance
 z - 2 potions of agility
 A - 12 potions of curing
 D - 2 potions of invisibility
 F - a potion of slowing {unknown}
 P - 2 potions of resistance
Books
 m - a book of Wizardry

   Spells                             Type                      Level
   Summon Elemental                   Summoning                    4
   Agony                              Necromancy                   5
   Force Lance                        Conjuration                  5
   Fireball                           Conjuration/Fire             5
   Haste                              Charms                       6
   *Invisibility                      Hexes                        6
 v - a book of the Sky

   Spells                             Type                      Level
   *Flight                            Charms/Air                   3
   *Airstrike                         Air                          4
   Silence                            Hexes/Air                    5
   Deflect Missiles                   Charms/Air                   6
   Conjure Ball Lightning             Conjuration/Air              6
   Tornado                            Air                          9
 y - a manual of Shields
 E - a book of Control

   Spells                             Type                      Level
   Control Teleport                   Charms/Translocation         4
   Control Undead                     Necromancy                   4
   *Enslavement                       Hexes                        4
   *Mass Confusion                    Hexes                        6
   Metabolic Englaciation             Hexes/Ice                    6
 U - a book of Geomancy

   Spells                             Type                      Level
   Sandblast                          Earth                        1
   Stoneskin                          Transmutation/Earth          2
   *Passwall                          Transmutation/Earth          3
   Stone Arrow                        Conjuration/Earth            3
   Petrify                            Transmutation/Earth          4
   Lee's Rapid Deconstruction         Earth                        5


   Skills:
 - Level 6.9(11.4) Short Blades
 - Level 0.7 Throwing
 - Level 5.3 Armour
 - Level 10.2(13.0) Dodging
 - Level 18.1(20.4) Stealth
 - Level 5.5(8.6) Shields
 * Level 15.1 Spellcasting
 - Level 19.7(23.2) Hexes
 - Level 13.8(17.9) Charms
 * Level 2.2(5.7) Transmutations
 - Level 0.8(3.1) Ice Magic
 + Level 12.6(16.7) Air Magic
 - Level 5.4(9.9) Evocations


You couldn't memorise any spells.
You knew the following spells:

 Your Spells              Type           Power        Failure   Level  Hunger
c - Confuse               Hex            #######.     0%          3    None
d - Repel Missiles        Chrm/Air       #######...   0%          2    None
f - Flight                Chrm/Air       #######...   0%          3    None
s - Swiftness             Chrm/Air       #######...   0%          2    None
A - Corona                Hex            #######      0%          1    None
B - Sure Blade            Hex/Chrm       #######...   0%          2    None
C - Mass Confusion        Hex            #######...   1%          6    #####..
D - Darkness              Hex            #######...   1%          7    ######.
E - Enslavement           Hex            #######.     0%          4    None
H - Ensorcelled Hibernat  Hex/Ice        ######       1%          2    None
I - Invisibility          Hex            #######.     1%          6    #####..
P - Passwall              Trmt/Erth      ####......   3%          3    None
R - Regeneration          Chrm/Necr      ######....   1%          3    None
Z - Airstrike             Air            ######....   1%          4    None


Dungeon Overview and Level Annotations

Branches:
Dungeon (16/16)            Temple (1/1) D:7             Orc (4/4) D:10
    Elf (0/3) Orc:3          Lair (8/8) D:10          Swamp (5/5) Lair:5
  Snake (5/5) Lair:6        Slime (0/6) Lair:8       Depths (2/6) D:16
 Vaults: Depths:2-5

Altars:
Ashenzari
Cheibriados
Elyvilon
Fedhas
Kikubaaqudgha
Makhleb
Nemelex Xobeh
Okawaru
Sif Muna
Vehumet
Xom
Yredelemnul
Zin
the Shining One
Beogh
Jiyva

Shops:
D:7 *   D:10 (   D:12 %   Orc:2 =[}}(   Orc:3 }   Orc:4 }[/=   Snake:5 +

Portals:
Hell: Depths:2
Pandemonium: Depths:1

Annotations:
Orc:3 Maurice
Swamp:5 Lernaean hydra


Innate Abilities, Weirdness & Mutations

You can bottle blood from corpses.
You have razor-sharp teeth.*
You have supernaturally acute eyesight.
You can survive without breathing.*
You are surrounded by a mild repulsion field (EV +2).+ You are partially covered in iridescent scales (AC +4).*
You evolve.+


Message History

The fireball explodes!
The fireball engulfs you! You resist.
One of your 3 scrolls of recharging catches fire!
* * * LOW HITPOINT WARNING * * *
The battlesphere fires!
The barrage of energy hits you!
* * * LOW HITPOINT WARNING * * *
The stone giant throws a large rock.
The large rock crashes through the tengu reaver.
The large rock misses you.
Drink which item? (? for menu, Esc to quit)
You feel much better.
The ambient light returns to normal.
The tengu reaver casts a spell at you. The bolt of magma hits you!
You partially resist.
* * * LOW HITPOINT WARNING * * *
The battlesphere fires!
The barrage of energy hits you!
* * * LOW HITPOINT WARNING * * *
The stone giant throws a large rock.
The large rock crashes through the tengu reaver.
The large rock crashes through you!
You die...

..(.....)...#.#....# ' *, *
......#.#.######'### ∆{ , , *
.....##.#.#.#.....#*# * , ,,,,,
...##.#...#.#.....#.# , , *,,
.......##.#.'.*#)C'.# *,∆* ,
...[......#.#..C..#.#, ∆ ,, *
(......#..#∆#..H..#*# *∆ *∆,*,,
..........#####(###* {,∆ {∆ ,,*
...........#.#..@.###+### ,* ,*
........#).')#....#.{...# *,∆,
** ...........#.'..(.'.....# *,{
*∆* ##....###..#.#....#..#..' *
* *
.#..#..........[###.⌠...#∆*,,,
,+ .#..##..2#...#....#.....#* *
* .#.2#......>..........'####∆,
*
.#..####...#..............##'###
.#..# ###..#...#.#.#....#..)..#,


You could see a tengu reaver and a stone giant.

Vanquished Creatures
  Saint Roka (Orc:4)
  Norris (Snake:4)
  Kirke (Swamp:1)
  2 tengu reavers (Depths:1)
  3 greater nagas (Snake:5)
  A stone giant (Depths:2)
  2 ettins
  Snorg (Swamp:4)
  2 fire dragons (Lair:8)
  A minotaur (Lab)
  A vault guard (D:16)
  Josephine (Orc:3)
  A dancing weapon (Depths:2)
  4 anacondas
  3 deep troll earth magi (Depths:1)
  23 hydras
  Erica (Lair:2)
  7 alligators
  A rakshasa (Depths:2)
  8 death yaks (Lair:7)
  2 very ugly things (Depths:2)
  8 ogre magi
  Urug (D:13)
  23 naga warriors
  The ghost of Somebody the Reanimator, a powerful DENe of Kikubaaqudgha (D:12)
  2 deep troll shamans (Depths:1)
  5 orc high priests (Orc:4)
  5 centaur warriors
  Nergalle (D:13)
  5 deep elf knights (Depths:2)
  A catoblepas (D:15)
  2 deep trolls (Depths:1)
  5 unseen horrors
  7 hill giants
  12 swamp dragons
  3 lindwurms
  8 orc knights
  Joseph (Orc:4)
  A deep elf conjurer (Depths:2)
  An ironbrand convoker (D:16)
  3 orc sorcerers
  2 red wasps
  8 cyclopes
  A sixfirhy (Depths:1)
  5 wizards (Depths:2)
  9 guardian serpents
  6 elephants
  An elephant (shapeshifter) (Depths:2)
  A guardian serpent (shapeshifter) (D:14)
  26 black mambas
  8 spiny worms
  A vault sentinel (D:16)
  2 vapours
  8 fire drakes
  19 spiny frogs
  14 naga magi
  An item mimic (D:15)
  3 efreet (Depths:2)
  An orb spider (shapeshifter) (Depths:2)
  12 slime creatures
  7 giant leeches
  Sonja (D:11)
  3 polar bears
  A polar bear (shapeshifter) (Depths:1)
  7 trolls
  4 giant fireflies (Lair:8)
  A raven (shapeshifter) (Depths:2)
  A troll (shapeshifter) (Depths:2)
  9 two-headed ogres
  6 komodo dragons
  4 baby alligators (Swamp:2)
  17 blink frogs
  2 flying skulls (Volcano)
  A griffon zombie (D:15)
  19 bog bodies
  2 ravens (Lair:3)
  5 basilisks
  3 air elementals (Depths:2)
  5 sharks
  2 wyverns
  32 ugly things
  A fire elemental (Depths:2)
  3 vampires (Volcano)
  72 yaks
  4 hippogriffs
  5 water elementals
  3 wraiths
  A hill giant zombie (D:13)
  Grum (D:13)
  2 chaos spawn (Depths:2)
  6 wolves
  A hog (Swamp:1)
  5 hungry ghosts
  23 vampire mosquitoes
  4 manticores
  A spriggan skeleton (Volcano)
  34 swamp worms
  Menkaure (Volcano)
  16 swamp drakes
  A porcupine (shapeshifter) (D:14)
  4 rock worms (Lair:8)
  91 nagas
  5 mottled dragons
  A necrophage (D:11)
  A gargoyle (Depths:2)
  34 orc warriors
  11 porcupines
  15 giant goldfish
  2 ice beasts
  4 sky beasts
  18 ogres
  The ghost of timbw the Chopper, an average LOFi (D:4)
  2 black bears
  3 phantoms
  3 boring beetles
  5 tengu (D:14)
  A big kobold (shapeshifter) (D:14)
  6 centaurs (D:11)
  4 wargs
  11 crocodiles
  Sigmund (D:2)
  A fire crab zombie (D:14)
  3 brain worms (Lair:8)
  3 big kobolds
  2 earth elementals (Depths:2)
  8 giant slugs
  2 human zombies (Ossuary)
  51 water moccasins
  17 giant frogs
  33 insubstantial wisps
  2 manticore zombies (D:12)
  6 agate snails
  10 killer bees
  A cyclops skeleton (D:14)
  A manticore skeleton (Volcano)
  24 jellyfish
  4 wights (D:16)
  2 draconian skeletons (Volcano)
  2 troll skeletons (Volcano)
  A yak skeleton (D:7)
  2 quasits
  10 crimson imps
  4 centaur zombies
  7 electric eels
  5 goliath beetles
  13 hounds
  17 jellies
  A giant frog zombie (D:8)
  11 big fish
  A gnoll shaman (D:5)
  Crazy Yiuf (D:3)
  36 orc priests
  A scorpion (shapeshifter) (Depths:2)
  A water moccasin skeleton (D:4)
  A giant frog skeleton (D:13)
  15 iguanas
  22 orc wizards
  3 orange rats (Lair:2)
  3 scorpions
  15 worker ants
  25 sheep
  9 boggarts
  An ogre skeleton (Volcano)
  2 naga skeletons (Volcano)
  4 mummies
  A worker ant zombie (D:11)
  49 adders
  3 giant centipedes
  4 gnolls (D:5)
  66 green rats
  An ogre simulacrum (Orc:3)
  10 giant mites
  19 worms
  A giant centipede zombie (D:12)
  2 adder zombies
  5 grey rats (Lair:2)
  15 giant geckos
  6 oozes
  167 orcs
  12 ball pythons
  16 giant cockroaches
  27 goblins
  20 hobgoblins
  11 quokkas
  21 bats
  16 giant newts
  A giant spore (D:8)
  A gnoll zombie (Ossuary)
  A goblin skeleton (Orc:3)
  A goblin zombie (D:6)
  A hobgoblin skeleton (D:5)
  2 hobgoblin zombies (Ossuary)
  22 jackals
  27 kobolds
  An orc simulacrum (Orc:3)
  3 orc zombies
  19 rats
  A rat skeleton (D:7)
  A rat zombie (D:6)
  2 ballistomycetes (D:8)
  2 plants (Lair:8)
1769 creatures vanquished.

Vanquished Creatures (collateral kills)
  A hydra (Swamp:5)
  A swamp dragon (Swamp:5)
  2 bog bodies (Swamp:5)
  A clay golem (D:16)
  A swamp drake (Swamp:5)
  A killer bee (D:11)
7 creatures vanquished.

Vanquished Creatures (others)
  A spiny frog (Lair:8)
  A crocodile (Lair:8)
  A boggart (Depths:1)
  An orc (Orc:4)
  A quokka (D:2)
  5 humans (Swamp:1)
  A kobold (D:2)
  7 fungi
  11 plants
29 creatures vanquished.

Grand Total: 1805 creatures vanquished

Notes
Turn   | Place    | Note
--------------------------------------------------------------
     0 | D:1      | PolkaDot, the Vampire Enchanter, began the quest for the Orb.
     0 | D:1      | Reached XP level 1. HP: 13/13 MP: 4/4
   153 | D:1      | Reached XP level 2. HP: 11/19 MP: 5/5
   480 | D:1      | Found a shattered altar of Ashenzari.
   490 | D:1      | Became a worshipper of Ashenzari the Shackled
   749 | D:2      | Reached skill level 5 in Hexes
   749 | D:2      | Reached XP level 3. HP: 24/24 MP: 6/6
   836 | D:2      | Found a white marble altar of Elyvilon.
   880 | D:2      | Learned a level 3 spell: Confuse
   941 | D:2      | Noticed Sigmund
   963 | D:2      | Killed Sigmund
   963 | D:2      | Reached skill level 6 in Hexes
   963 | D:2      | Reached XP level 4. HP: 20/30 MP: 1/8
  1110 | D:2      | Reached XP level 5. HP: 35/35 MP: 9/9
  1385 | D:2      | Reached skill level 7 in Hexes
  2212 | D:3      | Noticed Crazy Yiuf
  2220 | D:3      | Gained mutation: You evolve. [potion of mutation]
  2251 | D:3      | Killed Crazy Yiuf
  2251 | D:3      | Reached XP level 6. HP: 22/41 MP: 0/10
  2472 | D:4      | Reached skill level 8 in Hexes
  2568 | D:4      | Reached skill level 5 in Short Blades
  2641 | D:4      | Reached skill level 9 in Hexes
  2641 | D:4      | Reached XP level 7. HP: 46/46 MP: 8/11
  2845 | D:4      | Noticed timbw's ghost (average LOFi)
  2882 | D:4      | Killed timbw's ghost
  3249 | D:5      | Entered Level 5 of the Dungeon
  3408 | D:5      | Reached skill level 5 in Stealth
  3470 | D:5      | Reached skill level 10 in Hexes
  3707 | D:5      | Reached XP level 8. HP: 26/52 MP: 2/13
  3717 | D:5      | Reached skill level 1 in Shields
  4094 | D:6      | Found a glowing drain.
  4138 | Sewer    | Entered a sewer
  4752 | Sewer    | Acquired Ashenzari's first power
  4881 | Sewer    | Reached skill level 11 in Hexes
  5050 | D:6      | Found a sand-covered staircase.
  5079 | Ossuary  | Entered an ossuary
  5577 | D:6      | Reached skill level 12 in Hexes
  5664 | D:6      | Reached XP level 9. HP: 53/57 MP: 14/14
  5991 | D:6      | Acquired Ashenzari's second power
  6050 | D:6      | Learned a level 6 spell: Invisibility
  6190 | D:7      | Found Eta Salu's General Store.
  6293 | D:7      | Bought a wand of disintegration (12) for 224 gold pieces
  6333 | D:7      | Reached skill level 5 in Shields
  6361 | D:7      | Found a staircase to the Ecumenical Temple.
  6388 | D:7      | Reached skill level 13 in Hexes
  6680 | Temple   | Entered the Ecumenical Temple
  6982 | D:8      | Acquired Ashenzari's third power
  7394 | D:8      | Reached skill level 14 in Hexes
  8093 | D:9      | Identified the ring "Criptyd" {+Fly Int+3}
  8149 | D:9      | Reached XP level 10. HP: 56/63 MP: 11/15
  8291 | D:9      | Reached skill level 1 in Evocations
  8324 | D:9      | Gained mutation: You have a pair of small horns on your head. [evolution]
  8520 | D:9      | Found a shimmering altar of Xom.
  8577 | D:10     | Entered Level 10 of the Dungeon
  8583 | D:10     | Found Mabloith's Weapon Boutique.
  8624 | D:10     | Found a staircase to the Lair.
  8739 | D:10     | Acquired Ashenzari's fourth power
  8740 | D:10     | Found a staircase to the Orcish Mines.
  8748 | D:10     | Noticed a hill giant
  8756 | D:10     | Killed a hill giant
  8756 | D:10     | Reached skill level 10 in Stealth
  8756 | D:10     | Reached skill level 15 in Hexes
  8957 | D:10     | Noticed an unseen horror
  8986 | D:10     | Killed an unseen horror
  9483 | D:11     | Noticed a cyclops
  9674 | D:11     | Reached skill level 16 in Hexes
  9757 | D:11     | Noticed Sonja
  9999 | D:11     | Killed Sonja
 10031 | D:11     | Got the cursed cloak of the Loofah {rPois Acc+2 Stlth}
 10035 | D:11     | Identified the cursed +0 cloak of the Loofah {rPois Acc+2 Stlth} (You found it on level 11 of the Dungeon)
 10136 | D:11     | Reached XP level 11. HP: 68/68 MP: 11/20
 10269 | D:11     | Gained mutation: You are surrounded by a mild repulsion field (EV +2). [potion of mutation]
 10269 | D:11     | Gained mutation: Your magical capacity is low (-10% MP). [potion of mutation]
 10270 | D:11     | Gained mutation: You are partially covered in iridescent scales (AC +4). [potion of mutation]
 10270 | D:11     | Gained mutation: You have a pair of horns on your head. [potion of mutation]
 10270 | D:11     | Gained mutation: You are agile. (Dex +2) [potion of mutation]
 10271 | D:11     | Lost mutation: You are agile. (Dex +2) [potion of cure mutation]
 10271 | D:11     | Lost mutation: You have a pair of horns on your head. [potion of cure mutation]
 10271 | D:11     | Lost mutation: Your magical capacity is low (-10% MP). [potion of cure mutation]
 10271 | D:11     | Lost mutation: You have a pair of small horns on your head. [potion of cure mutation]
 10323 | D:11     | Killed a cyclops
 10359 | D:11     | Learned a level 2 spell: Ensorcelled Hibernation
 10362 | D:11     | Learned a level 2 spell: Sure Blade
 10369 | D:11     | Noticed a seven-headed hydra
 10658 | D:12     | Noticed Somebody's ghost (powerful DENe)
 10658 | D:12     | Reached skill level 5 in Evocations
 10672 | D:12     | Killed Somebody's ghost
 10712 | D:11     | Noticed an unseen horror
 10722 | D:12     | Noticed a hill giant
 10732 | D:12     | Killed a hill giant
 10931 | D:12     | Noticed a hill giant
 10939 | D:12     | Killed a hill giant
 10939 | D:12     | Reached skill level 1 in Charms
 10946 | D:12     | Found Cuema's Food Boutique.
 11200 | D:13     | Found a labyrinth entrance.
 11212 | Lab      | Entered a labyrinth
 12114 | Lab      | Noticed a minotaur
 12117 | Lab      | Killed a minotaur
 12117 | Lab      | Reached skill level 17 in Hexes
 12124 | Lab      | Identified Lehudib's Guide on Igneous Conjuration
 12124 | Lab      | Identified the ring of Cowardice {Hunger- Str+3 Int+2}
 12125 | Lab      | Identified a +2 rod of destruction (13/13) (You found it in a labyrinth)
 12131 | Lab      | Learned a level 4 spell: Enslavement
 12142 | D:13     | Identified a scroll of acquirement
 12182 | D:13     | Noticed a hill giant
 12341 | D:13     | Killed a hill giant
 12346 | D:13     | Noticed Grum
 12350 | D:13     | Killed Grum
 12561 | D:13     | Reached skill level 5 in Spellcasting
 12800 | D:13     | Reached XP level 12. HP: 54/74 MP: 17/24
 12805 | D:13     | Learned a level 3 spell: Flight
 12869 | D:13     | Reached skill level 5 in Charms
 13099 | D:13     | Noticed Urug
 13104 | D:13     | Noticed Nergalle
 13107 | D:13     | Killed Urug
 13112 | D:13     | Killed Nergalle
 13925 | D:15     | Entered Level 15 of the Dungeon
 14072 | D:15     | Found a flagged portal.
 14113 | Bailey   | Entered a bailey
 14139 | Bailey   | Reached skill level 18 in Hexes
 14896 | D:15     | Noticed a seven-headed hydra
 14908 | D:15     | Killed a seven-headed hydra
 14908 | D:15     | Reached XP level 13. HP: 79/79 MP: 26/26
 15005 | D:15     | Noticed a four-headed hydra
 15240 | D:15     | Killed a four-headed hydra
 15488 | D:15     | Reached skill level 10 in Charms
 15531 | D:15     | Found a sparkling altar of Nemelex Xobeh.
 15952 | D:16     | Entered Level 16 of the Dungeon
 16276 | D:16     | Found a gate to the Depths.
 17017 | D:11     | Noticed a cyclops
 17020 | D:11     | Killed a cyclops
 17083 | Lair:1   | Entered Level 1 of the Lair of Beasts
 17236 | Lair:1   | Reached skill level 19 in Hexes
 18241 | Lair:2   | Learned a level 6 spell: Mass Confusion
 18428 | Lair:2   | Noticed Erica
 18487 | Lair:2   | Killed Erica
 19372 | Lair:3   | Reached XP level 14. HP: 85/85 MP: 22/29
 20239 | Lair:4   | Reached skill level 15 in Stealth
 20827 | Lair:5   | Found a staircase to the Swamp.
 21453 | Lair:5   | Identified the cursed -2,+3 flail "Ghoppuod" {freeze, MR++ Str+2 Stlth+}
 21873 | Lair:6   | Found a staircase to the Snake Pit.
 23148 | Lair:7   | Reached skill level 10 in Spellcasting
 23150 | Lair:7   | Reached skill level 1 in Air Magic
 23627 | Lair:8   | Entered Level 8 of the Lair of Beasts
 23735 | Lair:8   | Learned a level 7 spell: Darkness
 23766 | Lair:8   | Found a viscous altar of Jiyva.
 23766 | Lair:8   | Found a staircase to the Slime Pits.
 24255 | Lair:8   | Reached XP level 15. HP: 78/90 MP: 28/33
 25164 | Lair:8   | Reached skill level 5 in Air Magic
 25798 | Swamp:1  | Entered Level 1 of the Swamp
 26349 | Swamp:1  | Noticed Kirke
 26357 | Swamp:1  | Killed Kirke
 26664 | Swamp:1  | Reached skill level 5 in Dodging
 28531 | Swamp:3  | Reached skill level 1 in Armour
 29309 | Swamp:4  | Noticed Snorg
 29317 | Swamp:4  | Killed Snorg
 29545 | Swamp:4  | Reached XP level 16. HP: 96/96 MP: 28/34
 29574 | Swamp:5  | Entered Level 5 of the Swamp
 29860 | Swamp:5  | Noticed the 27-headed Lernaean hydra
 29885 | Swamp:5  | Got a decaying rune of Zot
 30405 | Swamp:5  | Found an ancient bone altar of Kikubaaqudgha.
 31812 | Orc:1    | Entered Level 1 of the Orcish Mines
 31891 | Orc:1    | Found a roughly hewn altar of Beogh.
 31979 | Orc:2    | Found Wamis' Gadget Shoppe.
 31984 | Orc:2    | Found Dikun's Antique Armour Shop.
 32008 | Orc:1    | Found a dark tunnel.
 32025 | Volcano  | Entered a volcano
 32396 | Volcano  | Noticed Menkaure
 32398 | Volcano  | Killed Menkaure
 33264 | Orc:2    | Found Casheapp's Gadget Boutique.
 33339 | Orc:2    | Found Ozick's Antique Weapon Boutique.
 33492 | Orc:2    | Found Kliheumm's Jewellery Boutique.
 33508 | Orc:2    | Bought the +2 pair of boots of the Assassin {Stlth++} for 684 gold pieces
 33693 | Orc:3    | Found Axkaoheq's Gadget Shoppe.
 33784 | Orc:4    | Entered Level 4 of the Orcish Mines
 33825 | Orc:4    | Noticed Saint Roka
 33900 | Orc:3    | Reached skill level 10 in Air Magic
 33900 | Orc:3    | Reached XP level 17. HP: 44/101 MP: 15/35
 33905 | Orc:3    | Learned a level 3 spell: Regeneration
 34304 | Orc:4    | Killed Saint Roka
 34688 | Orc:4    | Reached skill level 5 in Armour
 35068 | Orc:3    | Noticed Josephine
 35074 | Orc:3    | Noticed Maurice
 35083 | Orc:3    | Killed Josephine
 35594 | Orc:4    | Reached skill level 10 in Dodging
 35872 | Orc:4    | Found Tonaskea's Gadget Boutique.
 35874 | Orc:4    | Found Inulamel's Antique Armour Shop.
 35876 | Orc:4    | Found Troan's Magical Wand Boutique.
 35877 | Orc:4    | Found Postorr's Jewellery Boutique.
 35880 | Orc:4    | Bought a wand of heal wounds (3) for 462 gold pieces
 35988 | Orc:4    | Noticed Joseph
 35996 | Orc:4    | Killed Joseph
 36807 | Snake:1  | Entered Level 1 of the Snake Pit
 40104 | Snake:3  | Reached XP level 18. HP: 107/107 MP: 36/36
 40796 | Snake:4  | Noticed Norris
 40887 | Snake:4  | Killed Norris
 41211 | Snake:5  | Entered Level 5 of the Snake Pit
 41268 | Snake:5  | Identified the cursed -3 robe "Blos" {Str-2 Dex+3}
 42121 | Snake:5  | Found Hiseiwko's Book Shop.
 42410 | Snake:5  | Bought a book of Air for 735 gold pieces
 42415 | Snake:5  | Learned a level 2 spell: Repel Missiles
 42418 | Snake:5  | Learned a level 2 spell: Swiftness
 44649 | Snake:5  | HP: 1/107 [guardian serpent (23)]
 45945 | Snake:5  | Learned a level 4 spell: Airstrike
 48333 | Snake:5  | Got a serpentine rune of Zot
 49024 | Orc:3    | Found a staircase to the Elven Halls.
 49712 | Depths:1 | Entered Level 1 of the Depths
 50076 | Depths:1 | Found a glowing golden altar of the Shining One.
 50314 | Depths:1 | Found a one-way gate leading to the halls of Pandemonium.
 51178 | Depths:2 | HP: 2/107 [deep elf annihilator/iron shot (39)]
 51854 | Depths:2 | Found a gateway to Hell.
 51880 | Depths:2 | Reached XP level 19. HP: 112/112 MP: 39/39
 52274 | Depths:1 | Reached skill level 15 in Spellcasting
 52457 | Depths:1 | Learned a level 3 spell: Passwall
 52555 | Depths:1 | Reached skill level 1 in Transmutations
 52936 | Depths:1 | Found a burning altar of Makhleb.
 52966 | Depths:1 | Hit by a large rock thrown by a stone giant

Action                   |  1- 3 |  4- 6 |  7- 9 | 10-12 | 13-15 | 16-18 | 19-21 || total
-------------------------+-------+-------+-------+-------+-------+-------+-------++-------
Melee: Dagger            |   146 |   251 |  1351 |   538 |  1560 |  1317 |    73 ||  5236
Throw: Dart              |       |       |     1 |       |       |       |       ||     1
 Cast: Confuse           |     2 |    17 |    93 |    58 |    40 |    58 |     4 ||   272
       Invisibility      |       |       |     4 |    22 |    53 |    33 |     3 ||   115
       Corona            |       |       |       |     2 |     3 |    17 |       ||    22
       Ensorcelled Hiber |       |       |       |    71 |   283 |   452 |    27 ||   833
       Flight            |       |       |       |     4 |    46 |    77 |     4 ||   131
       Mass Confusion    |       |       |       |       |     7 |    46 |     1 ||    54
       Darkness          |       |       |       |       |     5 |    31 |     2 ||    38
       Sure Blade        |       |       |       |       |     1 |    10 |     1 ||    12
       Enslavement       |       |       |       |       |       |     7 |       ||     7
       Regeneration      |       |       |       |       |       |    13 |       ||    13
       Repel Missiles    |       |       |       |       |       |    32 |     1 ||    33
       Airstrike         |       |       |       |       |       |    29 |       ||    29
       Swiftness         |       |       |       |       |       |    26 |       ||    26
       Passwall          |       |       |       |       |       |       |     2 ||     2
Invok: Scrying           |       |       |       |       |       |     3 |       ||     3
 Abil: Bottle Blood      |       |       |       |     1 |       |    10 |       ||    11
       End Transformatio |       |       |       |       |     1 |       |       ||     1
       Bat Form          |       |       |       |       |     1 |       |       ||     1
Evoke: Wand              |       |       |     2 |     2 |     5 |    16 |       ||    25
  Use: Potion            |     1 |     6 |       |     4 |       |    38 |     3 ||    52
       Scroll            |       |     4 |    20 |     9 |    13 |    24 |       ||    70
 Stab: Sleeping          |     6 |    10 |    42 |   142 |   446 |   424 |    28 ||  1098
       Confused          |     2 |     7 |    59 |    33 |    31 |    45 |       ||   177
       Distracted        |       |       |     1 |     2 |     3 |    10 |       ||    16
       Invisible         |       |       |       |    42 |   123 |    98 |     5 ||   268
       Paralysed         |       |       |       |       |       |     3 |       ||     3
